 Dungeon Crawl Stone Soup version 0.29.1-1-gd02db6906a (webtiles) character file.

Game seed: 10131744355803911544

1339 cdecastro the Spear-Bearer (level 8, -8/56 HPs)
             Began as a Merfolk Gladiator on Oct 7, 2022.
             Was a Believer of Qazlal.
             Mangled by Joseph
             ... wielding a +0 quarterstaff
              (19 damage)
             ... on level 6 of the Dungeon.
             The game lasted 00:13:30 (6954 turns).

cdecastro the Spear-Bearer (Merfolk Gladiator)      Turns: 6954, Time: 00:13:31

Health: -8/56      AC:  7    Str: 16    XL:     8   Next: 61%
Magic:  8/11       EV: 17    Int:  8    God:    Qazlal [**....]
Gold:   265        SH:  3    Dex: 15    Spells: 7/7 levels left

rFire   . . .      SeeInvis .   a - +0 trident
rCold   . . .      Faith    +   (no shield)
rNeg    + . .      Spirit   .   w - +2 leather armour {rN+}
rPois   +          Reflect  .   c - +0 helmet
rElec   .          Harm     .   o - +0 cloak
rCorr   .          Rampage  .   (no gloves)
Will    .....                   (no boots)
Stlth   +.........              u - amulet of faith
HPRegen 0.18/turn               z - ring of poison resistance
MPRegen 0.12/turn               H - +4 ring of evasion

@: no status effects
A: (nimble swimmer 2), mertail
a: Renounce Religion, Upheaval


You were on level 6 of the Dungeon.
You worshipped Qazlal.
Qazlal was pleased with you.
You visited 1 branch of the dungeon, and saw 7 of its levels.

You collected 265 gold pieces.

Inventory:

Hand Weapons
 a - a +0 trident (weapon)
Missiles
 d - 2 throwing nets
 e - 6 javelins
 n - 44 stones
 p - a poisoned dart (quivered)
 C - 2 boomerangs
Armour
 c - a +0 helmet (worn)
 o - a +0 cloak (worn)
 w - a +2 leather armour of positive energy (worn)
 F - a +0 buckler
Magical Staves
 q - a staff of death
Jewellery
 r - a ring of protection from cold
 u - an amulet of faith (around neck)
 z - a ring of poison resistance (left hand)
 E - a ring of ice
 G - a ring of protection from fire
 H - a +4 ring of evasion (right hand)
Scrolls
 b - a scroll of amnesia {unknown}
 g - a scroll of teleportation {unknown}
 h - 6 scrolls of identify {unknown}
 j - 2 scrolls of immolation {unknown}
 l - a scroll of poison {unknown}
 v - a scroll of enchant armour {unknown}
 y - a scroll of noise {unknown}
 B - a scroll of magic mapping {unknown}
Potions
 f - 3 potions of curing {unknown}
 i - 2 potions of attraction {unknown}
 k - 4 potions of ambrosia {unknown}
 m - a potion of degeneration {unknown}
 s - a potion of haste {unknown}
 t - a potion of flight {unknown}
 x - 3 potions of mutation {unknown}
 A - a potion of invisibility {unknown}
 D - a potion of might {unknown}


   Skills:
 - Level 2.1 Fighting
 + Level 12.7 Polearms
 - Level 2.0 Throwing
 - Level 4.0 Dodging
 - Level 4.3 Invocations


You had 7 spell levels left.
You didn't know any spells.
Your spell library contained the following spells:

 Spells                   Type           Power      Damage    Failure   Level
 Conjure Flame            Conj/Fire      0%         6-21      85%         3
 Ignite Poison            Fire/Tmut/Pois 0%         N/A       85%         3
 Sticky Flame             Conj/Fire      0%         2d3       99%         4
 Summon Forest            Summ/Tloc      0%         N/A       100%        5
 Eringya's Noxious Bog    Tmut/Pois      0%         N/A       100%        6
 Summon Hydra             Summ           0%         N/A       100%        7


Dungeon Overview and Level Annotations

Branches:
Dungeon (7/15)
 Temple: D:4-7

Altars:
Kikubaaqudgha
Qazlal
Zin

Shops:
D:5 =

Annotations:
D:6 Joseph


Innate Abilities, Weirdness & Mutations

((You are very nimble when in or above water. (Stealth+, EV+, Speed+++)))
Your lower body shifts to a powerful aquatic tail in water.


Message History

There is a stone staircase leading down here.
Unknown command.
You hit Joseph.
Joseph is lightly wounded.
Joseph hits you with a +0 quarterstaff!
You hit Joseph.
Joseph is lightly wounded.
Joseph hits you with a +0 quarterstaff!
You closely miss Joseph.
Joseph is lightly wounded.
You hit Joseph.
Joseph is lightly wounded.
Joseph closely misses you.
You hit Joseph.
Joseph is lightly wounded.
Joseph barely misses you.
You closely miss Joseph.
Joseph is lightly wounded.
You closely miss Joseph.
Joseph is lightly wounded.
Joseph hits you with a +0 quarterstaff!!
* * * LOW HITPOINT WARNING * * *
You hit Joseph.
Joseph is lightly wounded.
Joseph barely misses you.
Okay, then.
Unknown command.
Okay, then.
Throw: 2 darts (poison)
Press: ? - help, Q - select action, (/) - cycle Shift-Dir - straight line, f - Joseph
Aim: Joseph, wielding a +0 quarterstaff and wearing a +0 ring mail (lightly wounded, 64% to hit)
You throw a poisoned dart. The poisoned dart hits Joseph.
Joseph is poisoned.
Joseph is lightly wounded.
Aiming: Upheaval
Press: ? - help, Dir - move target, p - Joseph A storm cloud blasts the area with cutting wind!
The cutting wind hits Joseph!
Joseph is heavily wounded.
Joseph hits you with a +0 quarterstaff!!
You die...

....##.##.########.#...####
###.##.##.#.......###.....#
.............#####.#.#.##.#
###..#..<...#.##....##.##.#
.....#####.#.###.##.##.##.#
####.# ##.## #.##.##.##.#
...#.# ######.##.##.##.#
...#.# ##....@○.....##.#
...#.## #.....@.........#
...#..# #..###.##....######
)..#..# #..# #.###........#
.###..#####..#
#.....#.####.#
...........).# #####.#.#
##.# #............# #.#.#
#..# #....#######.#
#####.#.# #.## ####.#
#.###.......# #.# #.#
#.....###...###.#


You could see Joseph (poisoned).

Vanquished Creatures
  Eustachio (D:4)
  A water moccasin (D:6)
  A sky beast (D:6)
  2 ogres
  A centaur (D:6)
  A phantom (D:4)
  A necrophage (D:6)
  A scorpion (D:5)
  A bullfrog (D:7)
  A gnoll sergeant (D:6)
  2 jellies
  2 hounds
  An orc priest (D:7)
  2 iguanas
  2 orc wizards
  4 gnolls
  4 adders
  2 worms (D:3)
  4 dart slugs
  12 orcs
  2 endoplasms
  3 giant cockroaches
  8 goblins
  3 hobgoblins
  8 jackals
  5 quokkas
  6 ball pythons
  5 bats
  A frilled lizard (D:1)
  6 kobolds
  3 rats
96 creatures vanquished.

Notes
Turn   | Place    | Note
-------+----------+-------------------------------------------
     0 | D:1      | cdecastro the Merfolk Gladiator began the quest for the
                  | Orb.
     0 | D:1      | Reached XP level 1. HP: 16/16 MP: 1/1
   205 | D:1      | Found a faded altar of an unknown god.
   220 | D:1      | Prayed at the altar of an unknown god.
   220 | D:1      | Became a worshipper of Qazlal Stormbringer
   220 | D:1      | Reached * piety under Qazlal
   224 | D:1      | Reached XP level 2. HP: 14/22 MP: 2/2
   520 | D:1      | Reached skill level 5 in Polearms
   666 | D:1      | Reached XP level 3. HP: 27/27 MP: 3/3
  1061 | D:2      | Reached skill level 6 in Polearms
  1191 | D:2      | Found an ancient bone altar of Kikubaaqudgha.
  1397 | D:2      | Reached XP level 4. HP: 33/33 MP: 4/4
  2024 | D:3      | Reached ** piety under Qazlal
  2148 | D:3      | Reached skill level 7 in Polearms
  2914 | D:4      | Reached XP level 5. HP: 38/38 MP: 5/5
  2936 | D:4      | You fall into a shaft and drop 1 floor!
  2936 | D:5      | Entered Level 5 of the Dungeon
  3004 | D:5      | Reached skill level 8 in Polearms
  3291 | D:4      | Noticed an ogre
  3305 | D:4      | Killed an ogre
  3306 | D:4      | Reached skill level 9 in Polearms
  3306 | D:4      | Reached XP level 6. HP: 44/44 MP: 6/6
  3350 | D:4      | Noticed Eustachio
  3440 | D:4      | Killed Eustachio
  3749 | D:4      | Found a glowing silver altar of Zin.
  3805 | D:4      | Reached skill level 10 in Polearms
  3805 | D:4      | Reached skill level 1 in Invocations
  3805 | D:4      | Reached XP level 7. HP: 48/50 MP: 7/7
  4909 | D:5      | Found Wem Cirr's Jewellery Shoppe.
  5571 | D:6      | Reached XP level 8. HP: 43/56 MP: 11/11
  5583 | D:6      | Reached skill level 11 in Polearms
  6410 | D:6      | Reached skill level 12 in Polearms
  6941 | D:7      | Noticed Joseph
  6954 | D:6      | Mangled by Joseph

Illustrated notes

Levels and vault maps discovered:
D:1:      lemuel_arrival_lava_pool, layout_loops_ring,
          shapermc_ecumenical_altar_notcrosses, solitary_fountain
D:2:      layout_loops_ring, basic_altar
D:3:      layout_loops_ring
D:4:      layout_loops_corners, zin_academy, uniq_eustachio
D:5:      layout_basic, serial_shops, nicolae_square_shop,
          hangedman_abyss_or_decor_lesser_grid, grunt_decor_arrowhead
D:6:      layout_loops_ring, nrook_mini_vaults, minmay_misc_feat_room,
          st_stairs_14
D:7:      layout_cave_pools, minmay_temple_entry_hall, uniq_joseph

Skill      XL: |  1  2  3  4  5  6  7  8 |
---------------+-------------------------+-----
Polearms       | 5 6 7 9 10 12 | 12.7
Invocations    | 1 4 |  4.3
Fighting       | |  2.1
Throwing       | |  2.0
Dodging        | |  4.0

Action                   |  1- 3 |  4- 6 |  7- 9 || total
-------------------------+-------+-------+-------++-------
Melee: Trident           |    80 |   177 |   164 ||   421
       Punch             |     1 |     1 |     3 ||     5
Throw: Dart              |       |     6 |     2 ||     8
       Throwing net      |       |     1 |       ||     1
Invok: Upheaval          |       |       |     4 ||     4
 Stab: Held in net/web   |       |     1 |       ||     1
Armor: Leather armour    |    17 |    45 |    43 ||   105
Dodge: Dodged            |    33 |   120 |   104 ||   257
Block: Other             |     3 |    19 |    21 ||    43
